Map: Deathaura LE

Players

HellraiseR - Winner!

  • Race: Protoss Protoss
  • League: Grandmaster
  • Spawn Location: 5:00

BratOK (Brat_OK)

  • Race: Terran Terran
  • League: Master
  • Spawn Location: 11:00

Event: DreamHack SC2 Masters 2020 Fall

VOD

Have the link to the VOD?

Description

Time

  • Played on: Sept. 6, 2020, 12:01 p.m.
  • Length: 9:24

All games in this series

Show
View Real Time Build Order
Export as new Build Order

HellraiseR Protoss - Winner!

Build Orders: 1 Gate Expand, Oracle Opening 

Get SALT Encoding   

  12  0:00  Probe  
  13  0:12  Probe  
  14  0:17  Pylon  
  14  0:24  Probe (Chrono Boost)  
  16  0:36  Gateway  
  16  0:37  Probe (Chrono Boost)  
  16  0:42  Probe (Chrono Boost)  
  16  0:45  Assimilator  
  17  0:51  Probe  
  18  1:03  Probe  
  19  1:15  Probe  
  20  1:24  Cybernetics Core  
  20  1:33  Nexus  
  20  1:40  Pylon  
  20  1:42  Probe  
  21  1:48  Assimilator  
  21  1:54  Probe  
  21  1:57  Adept (Chrono Boost)  
  24  2:07  Probe (Chrono Boost)  
  26  2:16  Probe (Chrono Boost)  
  26  2:18  Stargate  
  26  2:22  Adept  
  28  2:23  Probe  
  29  2:31  Warp Gate  
  30  2:37  Probe (Chrono Boost)  
  30  2:45  Probe (Chrono Boost)  
  32  2:53  Probe (Chrono Boost)  
  32  2:54  Probe (Chrono Boost)  
  33  2:59  Probe (Chrono Boost), Oracle (Chrono Boost)  
  33  3:00  Probe  
  38  3:07  Shield Battery  
  38  3:11  Probe  
  38  3:12  Probe  
  40  3:26  Probe, Pylon  
  42  3:30  Oracle, Shield Battery  
  45  3:36  Gateway  
  45  3:38  Probe  
  45  3:42  Gateway  
  45  3:43  Probe  
  45  3:46  Pylon  
  46  3:50  Probe  
  46  3:55  Probe  
  48  4:03  Probe  
  48  4:06  Oracle (Chrono Boost)  
  48  4:07  Probe  
  53  4:17  Pylon  
  54  4:20  Adept, Assimilator  
  54  4:21  Probe  
  57  4:30  Nexus  
  56  4:31  Adept  
  56  4:34  Pylon  
  56  4:36  Adept  
  60  4:40  Adept  
  60  4:42  Probe x2  
  64  4:49  Twilight Council  
  64  4:50  Forge  
  64  4:54  Phoenix  
  64  4:56  Probe  
  67  5:01  Probe  
  67  5:05  Pylon  
  68  5:08  Probe  
  68  5:10  Charge (Chrono Boost)  
  68  5:13  Probe  
  70  5:15  Protoss Ground Armor Level 1 (Chrono Boost)  
  70  5:20  Probe  
  69  5:25  Probe  
  66  5:34  Stalker x2  
  66  5:35  Zealot  
  66  5:38  Gateway  
  66  5:40  Gateway  
  66  5:42  Gateway  
  66  5:44  Probe x2  
  66  5:47  Gateway  
  66  5:49  Probe  
  69  5:56  Probe x2  
  71  5:58  Gateway  
  71  5:59  Sentry  
  71  6:00  Sentry  
  71  6:01  Probe  
  71  6:03  Zealot  
  78  6:08  Probe x2  
  80  6:11  Pylon  
  80  6:14  Probe  
  81  6:20  Probe  
  81  6:24  Probe  
  83  6:28  Zealot x3  
  83  6:30  Probe, Photon Cannon  
  83  6:32  Probe, Photon Cannon  
  82  6:40  Zealot x3  
  82  6:43  Stalker  
  90  6:49  Zealot x3  
  90  6:52  Blink (Chrono Boost)  
  90  6:53  Zealot  
  98  6:56  Photon Cannon  
  98  6:57  Pylon  
  98  7:01  Zealot  
  100  7:02  Assimilator, Protoss Ground Weapons Level 1 (Chrono Boost)  
  100  7:03  Zealot  
  100  7:08  Stalker  
  104  7:15  Stalker x2  
  104  7:18  Pylon, Zealot  
  110  7:23  Zealot x2  
  110  7:29  Zealot  
  116  7:33  Pylon x2, Robotics Facility  
  116  7:41  Zealot x4  
  122  8:00  Stalker x4  
  122  8:02  Zealot x4  
  134  8:15  Templar Archives, Assimilator  
  134  8:20  Pylon  
  134  8:21  Pylon  
  134  8:22  Pylon  
  134  8:23  Observer  
  134  8:24  Zealot x3  
  141  8:34  Pylon  
  141  8:40  Stalker x5  
  150  8:47  Stalker x3  
  152  9:06  Zealot x5  
  138  9:11  Zealot x3  
Show
View Real Time Build Order
Export as new Build Order

BratOK Terran 

Build Orders:  

Get SALT Encoding   

  12  0:00  SCV  
  13  0:12  SCV  
  14  0:17  Supply Depot  
  14  0:24  SCV  
  15  0:38  SCV  
  15  0:40  Barracks  
  16  0:43  Refinery  
  16  0:50  SCV  
  17  1:02  SCV  
  18  1:15  SCV  
  19  1:27  Barracks Reactor, Orbital Command  
  19  1:39  Command Center  
  19  1:50  Supply Depot  
  20  1:54  SCV  
  20  2:03  Marine x2  
  20  2:06  SCV  
  23  2:12  Factory  
  23  2:18  Refinery  
  23  2:20  SCV  
  23  2:21  Marine  
  23  2:22  Marine  
  26  2:32  SCV  
  27  2:39  Bunker  
  27  2:40  Marine x2  
  29  2:44  SCV  
  30  2:52  Orbital Command  
  30  2:56  SCV  
  31  3:02  Starport  
  31  3:07  Hellion  
  31  3:12  Hellion  
  35  3:20  Barracks Tech Lab  
  35  3:23  SCV  
  36  3:27  SCV  
  37  3:45  SCV  
  37  3:51  Factory Tech Lab  
  37  3:53  Viking  
  37  3:55  Marine x2  
  37  3:58  SCV  
  39  4:05  SCV  
  35  4:10  SCV  
  35  4:11  Cyclone  
  35  4:16  Barracks  
  37  4:18  SCV  
  37  4:20  Marine x2  
  40  4:24  SCV  
  40  4:26  Viking, Barracks  
  40  4:30  SCV  
  44  4:33  Supply Depot  
  44  4:35  Supply Depot  
  44  4:36  SCV  
  45  4:42  SCV  
  46  4:52  Refinery  
  46  4:53  Engineering Bay  
  46  4:54  Marine x2  
  46  4:55  Siege Tank  
  46  4:59  Supply Depot  
  51  5:03  SCV x2  
  53  5:09  Starport Reactor  
  53  5:15  SCV  
  53  5:20  Marine x2  
  51  5:26  SCV  
  51  5:27  SCV, Cyclone  
  53  5:38  SCV  
  54  5:44  Marine x3  
  54  5:45  Terran Infantry Weapons Level 1  
  54  5:49  SCV, Barracks x2  
  58  5:50  SCV  
  58  5:55  Missile Turret  
  58  5:56  Supply Depot, Stimpack  
  59  6:01  Marine  
  60  6:07  Medivac x2  
  60  6:08  SCV x2, Factory Reactor  
  66  6:12  Supply Depot  
  61  6:20  SCV  
  61  6:21  SCV  
  61  6:24  Combat Shield  
  62  6:25  Marine x2  
  64  6:40  Marine, Liberator  
  64  6:41  Marine  
  64  6:43  Marine  
  64  6:46  SCV  
  71  6:48  SCV, Supply Depot  
  71  6:51  Marine x2  
  74  6:58  SCV  
  74  7:01  Supply Depot, Marine, Widow Mine x2  
  81  7:05  Marauder x2  
  81  7:07  SCV  
  85  7:09  Marine  
  85  7:10  SCV  
  85  7:14  Supply Depot, Marine  
  88  7:17  Supply Depot  
  88  7:19  SCV  
  88  7:22  Medivac  
  91  7:23  Medivac  
  91  7:29  Marine  
  97  7:30  Marauder x2  
  97  7:33  SCV, Marine x2  
  101  7:37  Supply Depot  
  101  7:38  SCV  
  102  7:49  Marine x2  
  102  7:50  Marine  
  102  7:51  Marine x3  
  103  8:06  Marine  
  103  8:07  Marine  
  103  8:08  Supply Depot, Marine x2  
  103  8:09  Concussive Shells, Marine x2  
  106  8:24  Marine x2  
  106  8:26  Marine x2  
  106  8:27  Marine x2  
  112  8:42  Marine x2  
  112  8:44  Marine x3  
  113  8:54  Marine  
  114  9:00  Marine x2  
  114  9:02  Marine  

Tags
 
Add a new tag
Caveats
  • Supply blocks, unpowered buildings, or Contaminate may cause inaccurate times.
  • Supply counts are checked every 10 seconds.